AoeStats
← スカムバッグ

Lombardia

507120213Analyzed
4v4 RM · 15d ago on Sep 16, 2026· 75m 3s· 8 players
Game mode
Random Map
Map size
Large (8 player)
Population
200
Speed
Normal
Resources
Standard
Victory
Conquest
Starting age
Dark Age
Ending age
Imperial Age
RankedLock teamsTeams togetherTeam positionsShared explorationLock speedFull tech treeHidden civsTurbo modeCheats
Victory
Defeat
🇬🇷 Persians · Greece
1028
+14
🇸🇰 Byzantines · Slovakia
1014
+14
🇨🇿 Celts · Czechia
1013
+14
🇬🇷 Teutons · Greece
979
+16
🇮🇳 Franks · India
988
-15
🇨🇱 Dravidians · Chile
977
-15
🇫🇷 Vikings · France
969
-14
🇫🇷 Franks · France
956
-14
Poema_Arcanus
3:00 Loom
12:39 Feudal Age
18:14 Castle Age
17:01 Double-Bit Axe
17:00 Horse Collar
19:13 Wheelbarrow
18:24 Town Watch
21:37 Pikeman
26:19 Bow Saw
27:00 Gold Mining
28:02 Hand Cart
30:33 Stone Mining
32:35 Fletching
32:45 Padded Archer Armor
34:05 Thumb Ring
36:44 Imperial Age
34:58 Ballistics
35:09 Heavy Plow
36:58 Bodkin Arrow
37:18 Leather Archer Armor
37:58 Conscription
38:06 Gambesons
38:22 Squires
38:07 Arson
37:48 Elite Elephant Archer
39:47 Two-Man Saw
39:09 Medical Corps
39:32 Bracer
40:02 Ring Archer Armor
39:34 Scale Mail Armor
39:44 Forging
39:41 Scale Barding Armor
40:49 Chemistry
39:12 Halberdier
42:36 Chain Mail Armor
41:44 Man-at-Arms
45:02 Iron Casting
44:50 Fortified Wall
45:03 Wootz Steel
48:06 Long Swordsman
49:39 Two-Handed Swordsman
51:09 Champion
52:27 Champion
63:21 Siege Elephant
73:51 Town Patrol
Eyeskillyou
4:20 Loom
11:19 Feudal Age
17:27 Wheelbarrow
21:18 Castle Age
19:26 Gold Mining
22:28 Double-Bit Axe
23:23 Husbandry
27:45 Town Watch
28:05 Caravan
31:14 Scale Barding Armor
31:20 Forging
32:16 Bow Saw
34:54 Imperial Age
34:10 Hand Cart
35:38 Chain Barding Armor
35:54 Iron Casting
36:07 Cavalier
38:03 Conscription
37:45 Chivalry
39:25 Chemistry
39:25 Gold Shaft Mining
39:16 Town Patrol
40:14 Paladin
41:47 Plate Barding Armor
42:19 Blast Furnace
43:04 Elite Throwing Axeman
44:22 Hoardings
50:44 Fletching
51:18 Ballistics
51:04 Siege Engineers
51:11 Masonry
52:38 #83
52:07 Light Cavalry
59:33 Bodkin Arrow
59:39 Scale Mail Armor
59:40 Padded Archer Armor
67:48 Chain Mail Armor
67:49 Leather Archer Armor
Pegasus75
9:21 Loom
11:29 Feudal Age
16:07 Castle Age
15:48 Man-at-Arms
16:20 Double-Bit Axe
16:18 Horse Collar
16:58 Long Swordsman
17:39 Squires
17:25 Gambesons
17:26 Arson
21:50 Heavy Plow
22:59 Bow Saw
31:39 Imperial Age
31:59 Forging
31:50 Scale Mail Armor
31:40 Fletching
32:15 Fortified Wall
32:27 Ballistics
32:03 Murder Holes
32:20 Masonry
31:57 Two-Handed Swordsman
33:08 Conscription
32:50 Chieftains
33:25 Crop Rotation
34:14 Two-Man Saw
33:21 Champion
34:49 Iron Casting
34:29 Chain Mail Armor
34:10 Bodkin Arrow
35:21 Chemistry
34:13 Guard Tower
35:11 Capped Ram
38:38 Blast Furnace
37:39 Bracer
38:10 Plate Mail Armor
38:17 Caravan
38:51 Siege Ram
42:48 Crossbowman
43:30 Bogsveigar
44:06 Hoardings
43:34 Padded Archer Armor
44:09 Architecture
43:47 Arbalester
49:32 Leather Archer Armor
dushyanthkuthati
0:27 Loom
12:11 Feudal Age
13:34 Wheelbarrow
19:34 Castle Age
18:27 Scale Barding Armor
19:10 Double-Bit Axe
19:36 Forging
19:20 Gold Mining
19:39 Gold Mining
22:51 Chain Barding Armor
23:06 Iron Casting
22:51 Chain Barding Armor
23:06 Iron Casting
24:32 Husbandry
32:23 Bow Saw
36:43 Hand Cart
36:13 Town Watch
36:43 Hand Cart
36:14 Town Watch
36:44 Hand Cart
36:14 Town Watch
40:25 Imperial Age
40:33 Cavalier
42:07 Plate Barding Armor
43:07 Blast Furnace
43:21 Scale Mail Armor
44:19 Hoardings
46:46 Paladin
49:39 Gold Shaft Mining
65:35 Caravan
67:59 Chivalry
Aballion
5:08 Loom
10:49 Feudal Age
11:39 Double-Bit Axe
12:25 Horse Collar
20:17 Castle Age
18:48 Stone Mining
21:49 Bow Saw
23:39 Heavy Plow
24:22 Wheelbarrow
24:31 Stone Shaft Mining
23:49 Gold Mining
26:21 Gold Shaft Mining
27:09 Hand Cart
28:40 Scale Barding Armor
28:45 Forging
29:26 Murder Holes
29:42 Fortified Wall
29:52 Ballistics
29:34 Treadmill Crane
34:40 Imperial Age
34:49 Husbandry
34:46 Elite Cataphract
35:47 Conscription
36:11 Crop Rotation
36:30 Logistica
37:47 Hoardings
38:56 Iron Casting
38:12 Fletching
38:43 Chain Barding Armor
39:41 Chemistry
38:28 Arrowslits
39:35 Chain Barding Armor
39:06 Fletching
43:30 Plate Barding Armor
42:56 Bodkin Arrow
60:15 Light Cavalry
61:44 Hussar
PANEZ
12:50 Feudal Age
18:15 Castle Age
18:08 Double-Bit Axe
18:09 Horse Collar
22:31 Heavy Plow
23:19 Forging
23:10 Scale Mail Armor
23:16 Scale Barding Armor
23:56 Bow Saw
23:38 Loom
28:16 Pikeman
28:56 Squires
28:42 Arson
33:09 Iron Casting
32:50 Chain Mail Armor
32:26 Fletching
35:40 Gold Mining
35:41 Stone Mining
36:30 Wheelbarrow
38:37 Imperial Age
36:49 Wheelbarrow
39:54 Halberdier
46:30 Onager
48:18 Siege Onager
50:35 Man-at-Arms
51:00 Gambesons
55:29 Blast Furnace
54:50 Chain Barding Armor
55:03 Plate Mail Armor
54:02 Long Swordsman
60:04 Two-Handed Swordsman
61:30 Champion
68:29 Crop Rotation
69:02 Two-Man Saw
71:14 Elite Skirmisher
スカムバッグ
10:07 Feudal Age
12:32 Loom
18:34 Castle Age
17:14 Gold Mining
17:29 Double-Bit Axe
20:24 Wheelbarrow
23:59 Forging
23:50 Scale Mail Armor
24:17 Hand Cart
28:25 Stone Mining
29:13 Gold Shaft Mining
32:33 Iron Casting
32:13 Chain Mail Armor
33:00 Stone Shaft Mining
33:00 Bow Saw
32:33 Horse Collar
37:25 Imperial Age
35:50 Town Watch
41:23 Blast Furnace
40:54 Plate Mail Armor
40:43 Elite Woad Raider
43:48 Plate Mail Armor
45:10 Arson
48:58 Town Patrol
Tsimentopoulos
9:26 Loom
11:12 Feudal Age
12:48 Double-Bit Axe
13:13 Horse Collar
15:54 Castle Age
17:19 Husbandry
17:32 Forging
19:17 Bow Saw
20:17 Heavy Plow
26:24 Wheelbarrow
27:57 Scale Barding Armor
28:28 Iron Casting
28:49 Bloodlines
31:20 Hand Cart
36:35 Imperial Age
34:31 Chain Barding Armor
35:59 Gold Mining
35:59 Stone Mining
36:02 Town Watch
36:12 Cavalier
36:13 Heavy Camel Rider
36:14 Light Cavalry
38:25 Crop Rotation
38:36 Gold Shaft Mining
38:36 Stone Shaft Mining
38:10 Town Patrol
37:48 Savar
40:06 Plate Barding Armor
40:31 Blast Furnace
39:00 Hussar
41:34 Fletching
Connection lost

Rejoining the realm…

Still unreachable

The connection could not be restored.

Session expired

The server has moved on; the page needs a fresh start.